Map: Аколит РВ

Players

Temir - Winner!

  • Race: Protoss Protoss
  • League: Diamond
  • Spawn Location: 1:00

HellGoesOn

  • Race: Terran Terran
  • League: Diamond
  • Spawn Location: 7:00

VOD

Have the link to the VOD?

Description

Time

  • Played on: July 28, 2017, 12:47 p.m.
  • Length: 20:08
Show
View Real Time Build Order
Export as new Build Order

Temir Protoss - Winner!

Build Orders: 1 Gate Expand, Blink Stalkers 

Get SALT Encoding   

  12  0:01  Probe (Chrono Boost)  
  13  0:12  Probe (Chrono Boost)  
  14  0:19  Pylon  
  14  0:23  Probe (Chrono Boost)  
  15  0:37  Probe (Chrono Boost)  
  15  0:40  Gateway  
  16  0:48  Probe (Chrono Boost)  
  16  0:49  Assimilator  
  17  0:58  Probe (Chrono Boost)  
  18  1:09  Probe (Chrono Boost)  
  19  1:20  Probe (Chrono Boost)  
  20  1:27  Nexus  
  20  1:41  Cybernetics Core  
  20  1:45  Assimilator  
  20  1:48  Pylon  
  20  1:49  Probe (Chrono Boost)  
  21  2:02  Probe (Chrono Boost)  
  22  2:13  Probe (Chrono Boost)  
  23  2:18  Adept (Chrono Boost)  
  25  2:24  Mothership Core (Chrono Boost), Warp Gate  
  27  2:39  Probe  
  27  2:51  Probe  
  27  2:54  Probe  
  29  3:06  Probe  
  29  3:08  Stalker (Chrono Boost)  
  29  3:12  Twilight Council  
  32  3:15  Pylon  
  32  3:21  Probe  
  32  3:23  Probe  
  34  3:27  Pylon  
  34  3:32  Probe  
  35  3:34  Stalker (Chrono Boost)  
  35  3:40  Probe  
  38  3:45  Probe, Gateway  
  39  3:50  Gateway, Blink (Chrono Boost)  
  39  3:52  Probe  
  40  3:58  Probe  
  40  4:02  Stalker  
  43  4:05  Probe  
  43  4:09  Probe  
  44  4:14  Assimilator  
  45  4:18  Assimilator  
  45  4:20  Probe  
  45  4:21  Pylon  
  45  4:22  Probe  
  46  4:30  Robotics Facility  
  47  4:33  Probe  
  47  4:35  Probe  
  49  4:45  Stalker, Probe  
  52  4:46  Probe  
  53  4:56  Stalker, Probe  
  53  4:57  Probe  
  57  5:02  Pylon  
  57  5:05  Stalker  
  59  5:07  Probe  
  59  5:09  Probe  
  61  5:15  Nexus  
  61  5:17  Observer  
  61  5:20  Stalker  
  64  5:24  Stalker  
  64  5:26  Probe  
  67  5:35  Probe  
  67  5:38  Stalker, Probe  
  71  5:51  Stalker x2  
  71  5:53  Observer  
  76  6:04  Probe  
  76  6:06  Probe  
  78  6:22  Pylon  
  78  6:25  Probe, Pylon  
  78  6:27  Probe, Immortal  
  78  6:29  Forge  
  78  6:30  Forge  
  83  6:33  Pylon  
  83  6:39  Probe x2  
  83  6:40  Probe  
  83  6:45  Templar Archives  
  86  6:52  Probe  
  87  6:54  Probe x2  
  87  6:59  Charge (Chrono Boost)  
  89  7:03  Photon Cannon  
  89  7:05  Probe  
  89  7:06  Probe x2, Photon Cannon  
  89  7:07  Observer, Photon Cannon  
  93  7:12  Assimilator  
  93  7:16  Assimilator, Protoss Ground Weapons Level 1, Protoss Ground Armor Level 1  
  93  7:17  Probe x2  
  93  7:18  Zealot x3  
  93  7:19  Probe  
  93  7:20  Psionic Storm  
  102  7:27  Gateway  
  102  7:32  Gateway  
  102  7:34  Probe x2  
  102  7:35  Probe  
  102  7:36  Gateway  
  105  7:38  Pylon  
  105  7:44  Probe  
  105  7:45  Probe  
  105  7:47  Probe  
  108  7:55  Probe x2  
  108  7:56  Zealot  
  108  7:57  Zealot x2  
  110  8:19  Stalker x3  
  115  8:52  Nexus  
  114  9:13  Protoss Ground Weapons Level 2, Protoss Ground Armor Level 2  
  114  9:18  Pylon  
  114  9:22  Pylon  
  114  9:34  Pylon  
  114  9:38  Probe  
  114  9:40  Probe, Pylon  
  114  9:41  Photon Cannon  
  114  9:42  Pylon  
  116  9:46  Stalker  
  116  9:50  Probe  
  116  9:52  Probe, Immortal  
  116  10:13  Stalker x3  
  109  10:23  Probe  
  109  10:24  Probe  
  109  10:27  Assimilator  
  109  10:30  Photon Cannon  
  109  10:40  High Templar  
  109  10:41  High Templar x5  
  121  10:44  Immortal  
  121  10:45  Resonating Glaives (Chrono Boost)  
  125  10:50  Robotics Bay  
  125  10:55  Robotics Facility  
  125  10:57  Pylon  
  125  10:58  Pylon  
  125  11:02  Pylon  
  125  11:06  Mothership Core  
  127  11:19  Zealot x2  
  127  11:20  Nexus, Zealot x4  
  127  11:22  Pylon  
  127  11:25  Immortal  
  143  11:33  Gateway  
  143  11:36  Gateway x2  
  143  11:37  Gateway  
  113  11:56  Archon  
  113  12:00  Stalker x2  
  113  12:01  Stalker x2  
  105  12:14  Colossus x2  
  117  12:16  Extended Thermal Lance  
  117  12:27  Assimilator  
  117  12:31  Assimilator  
  117  12:34  Pylon  
  117  12:35  High Templar x3  
  117  12:36  High Templar x3  
  129  12:38  Pylon  
  129  12:39  Protoss Ground Armor Level 3  
  129  12:40  Protoss Ground Weapons Level 3  
  129  12:42  Archon  
  129  12:43  Archon x2  
  129  12:44  Pylon  
  106  12:54  Pylon  
  100  13:16  Stalker, Stargate  
  100  13:17  Stalker x3  
  100  13:18  Stalker  
  108  13:36  Probe  
  108  13:37  Probe  
  108  13:38  Probe  
  108  13:40  Photon Cannon  
  111  13:43  Zealot  
  111  13:44  Zealot x9  
  108  14:20  Probe x3  
  108  14:22  Probe  
  112  14:36  Colossus x2 (Chrono Boost)  
  124  14:38  Void Ray  
  124  14:41  Zealot  
  124  14:42  Zealot x3  
  124  14:44  High Templar  
  124  14:45  High Templar x2  
  142  14:48  Sentry  
  142  14:50  Sentry x2  
  142  14:51  Assimilator  
  142  14:52  Nexus, Probe  
  148  14:53  Probe  
  148  14:54  Probe, Pylon x2, Assimilator  
  151  15:20  Probe  
  151  15:21  Probe  
  150  15:22  Probe x2  
  150  15:26  High Templar x3  
  150  15:28  Zealot  
  159  15:29  Zealot x6  
  159  15:31  Probe  
  172  15:37  Void Ray  
  176  16:04  Pylon  
  176  16:06  Stalker  
  176  16:07  Stalker x5  
  186  16:37  Fleet Beacon  
  186  16:38  Pylon, Zealot  
  186  16:39  Zealot x4  
  193  16:41  Stargate  
  190  17:02  Dark Shrine  
  190  17:13  Nexus  
  190  17:22  Pylon  
  186  17:47  Archon  
  140  18:14  Zealot  
  140  18:15  Zealot x9  
  134  18:53  Void Ray, Immortal x2 (Chrono Boost)  
  134  18:54  Tempest  
  152  18:58  Zealot  
  152  18:59  Zealot x9  
  128  19:40  Zealot  
  128  19:41  Zealot x8  
  128  19:42  Zealot  
  110  20:03  Dark Templar  
  110  20:04  Dark Templar x9  
Show
View Real Time Build Order
Export as new Build Order

HellGoesOn Terran 

Build Orders: Reaper Expand, MMM Bio 

Get SALT Encoding   

  12  0:00  SCV  
  13  0:13  SCV  
  14  0:17  Supply Depot  
  14  0:25  SCV  
  14  0:28  Refinery  
  15  0:39  SCV  
  16  0:45  Barracks  
  16  0:51  SCV  
  17  1:03  SCV  
  18  1:15  SCV  
  19  1:33  Reaper  
  19  1:34  Orbital Command  
  20  1:43  Barracks  
  20  1:59  Factory  
  20  2:04  Refinery  
  20  2:11  Command Center  
  20  2:18  Barracks Reactor  
  20  2:21  Supply Depot  
  20  2:29  SCV  
  21  2:48  SCV  
  21  2:50  Widow Mine  
  24  2:54  Starport  
  24  2:55  Marine  
  24  2:57  Marine  
  26  3:00  SCV  
  27  3:12  SCV  
  27  3:13  Marine  
  27  3:15  Marine  
  30  3:20  Supply Depot  
  30  3:30  Orbital Command  
  30  3:33  Marine  
  31  3:38  SCV  
  32  3:44  Marine  
  32  3:48  Widow Mine  
  33  3:51  Marine  
  33  3:53  SCV  
  37  3:57  Medivac  
  38  4:03  SCV  
  38  4:05  SCV  
  40  4:16  Marine x2  
  40  4:17  Widow Mine  
  42  4:18  SCV x2  
  46  4:27  Barracks  
  46  4:29  Refinery  
  46  4:30  SCV x2  
  48  4:38  Marine x2  
  50  4:43  SCV  
  50  4:45  Starport Reactor  
  51  4:47  Supply Depot  
  51  4:49  Supply Depot  
  51  4:57  SCV  
  51  4:58  Marine  
  51  4:59  Marine  
  54  5:04  Factory Tech Lab  
  54  5:11  Barracks  
  54  5:16  Marine x2  
  54  5:17  Barracks Tech Lab  
  54  5:20  SCV x2  
  58  5:22  Command Center  
  58  5:32  SCV  
  56  5:49  Concussive Shells, Marauder  
  57  5:50  Siege Tank  
  57  5:51  Marine x2  
  62  5:58  Supply Depot  
  62  6:00  Supply Depot  
  62  6:03  Barracks Tech Lab  
  60  6:04  Medivac x2  
  60  6:08  SCV x2  
  64  6:14  Engineering Bay  
  64  6:17  Marine x2  
  66  6:19  Marauder  
  66  6:20  SCV x2  
  66  6:22  Stimpack  
  66  6:23  Marauder  
  73  6:32  SCV  
  73  6:33  SCV  
  73  6:37  Orbital Command  
  73  6:38  Marine x2  
  76  6:41  Marauder  
  76  6:44  SCV, Marauder, Terran Infantry Weapons Level 1  
  76  6:45  SCV  
  82  6:49  Engineering Bay  
  80  6:56  Marine x2  
  80  6:57  SCV  
  80  6:58  Siege Tank  
  86  7:02  Marauder  
  86  7:06  Marauder  
  90  7:14  Marine x2  
  92  7:19  Barracks  
  92  7:21  Barracks  
  93  7:22  SCV  
  93  7:23  Starport, Marauder, Fusion Core, SCV  
  93  7:24  SCV  
  93  7:27  Refinery, Marauder  
  93  7:29  Terran Infantry Armor Level 1  
  99  7:36  Supply Depot  
  99  7:38  Supply Depot  
  97  7:45  Marauder  
  97  7:48  Liberator x2  
  99  8:02  Marine x2  
  99  8:04  Starport Tech Lab  
  107  8:06  Siege Tank  
  107  8:07  SCV x3  
  107  8:10  Supply Depot  
  107  8:12  Refinery  
  113  8:16  Armory  
  113  8:19  SCV x2  
  115  8:32  Barracks Tech Lab x2, Marauder x2  
  115  8:34  Advanced Ballistics  
  119  8:37  SCV x3  
  122  8:46  Marine x2  
  112  8:49  SCV x2  
  112  8:51  Liberator  
  112  8:53  Marauder x2  
  115  9:06  Marine  
  115  9:07  Marine  
  115  9:08  Marauder x2  
  124  9:12  Liberator  
  124  9:14  Marine  
  125  9:29  Marine, SCV x3  
  125  9:30  Refinery  
  132  9:33  Supply Depot x2  
  132  9:34  Supply Depot  
  132  9:37  Liberator, Marine  
  133  9:54  Marine  
  133  9:55  Barracks, Marauder x4, SCV x2  
  133  9:57  Barracks  
  133  9:59  Liberator x2  
  130  10:15  Marine x2  
  130  10:16  Marauder  
  130  10:17  Marauder x3  
  138  10:24  Terran Infantry Weapons Level 2  
  138  10:26  Terran Infantry Armor Level 2  
  138  10:28  Terran Ship Weapons Level 1  
  135  10:33  Marine  
  136  10:35  Command Center  
  136  10:38  Marauder  
  138  10:43  Marauder x2, Marine  
  138  10:44  Marauder  
  138  10:47  Combat Shields  
  145  11:00  Marine  
  145  11:01  Barracks Tech Lab  
  145  11:02  Barracks Reactor  
  145  11:03  Marauder, Marine  
  149  11:05  Marauder x3  
  149  11:06  Supply Depot  
  149  11:07  Supply Depot  
  149  11:08  Supply Depot  
  155  11:18  Marine  
  155  11:21  Marine  
  155  11:23  Marauder  
  155  11:24  Marauder  
  161  11:26  Marauder x2, Marine  
  166  11:35  Ghost Academy  
  166  11:36  Marine  
  166  11:39  Marine  
  168  11:44  Marauder x2  
  168  11:46  Marauder  
  170  11:47  Marine  
  127  12:03  Marauder, Marine x2  
  127  12:04  Marine x2  
  127  12:05  Marauder x2, Liberator  
  127  12:06  Marauder, Liberator x2  
  127  12:07  Marine  
  140  12:21  Marine x3  
  140  12:22  Marine  
  144  12:25  Marauder x2  
  144  12:27  Marauder x3  
  163  12:39  Marine x3  
  158  12:46  Marauder x2  
  158  12:48  Marauder x3  
  140  13:00  Marine x3  
  140  13:01  Marine  
  144  13:06  Terran Infantry Weapons Level 3  
  144  13:07  Marauder  
  144  13:08  Planetary Fortress, Marauder  
  144  13:09  Marauder  
  144  13:10  Marauder x2  
  151  13:35  Refinery  
  151  13:38  Refinery  
  151  13:41  Marauder, Marine x2  
  145  13:59  Command Center  
  145  14:01  Liberator x3  
  134  14:16  Marauder x3, Marine x2  
  134  14:17  Marauder x2, Marine x2  
  121  14:20  Personal Cloaking  
  129  14:32  Barracks x2  
  129  14:35  Barracks  
  129  14:42  Marauder, Marine  
  129  14:43  Marauder x3, Marine  
  139  14:55  Terran Infantry Armor Level 3  
  139  14:57  Terran Ship Weapons Level 2  
  139  14:59  Marauder, Marine  
  142  15:04  Marauder x2  
  142  15:09  Ghost  
  142  15:10  Ghost  
  142  15:11  Marine x3  
  134  15:17  Marine  
  134  15:20  Ghost  
  137  15:24  Ghost  
  137  15:25  Barracks Reactor x2  
  137  15:26  Barracks Tech Lab  
  136  15:36  Marauder, Marine x3  
  136  15:39  Marauder x2  
  145  15:49  Marauder  
  147  15:53  Ghost  
  147  15:56  Ghost  
  149  15:59  Ghost  
  149  16:01  Planetary Fortress  
  149  16:03  Refinery  
  149  16:04  Refinery, Marauder x2, Marine  
  155  16:05  Marine  
  155  16:09  Marine  
  155  16:10  Marauder  
  159  16:22  Marauder, Marine x3  
  166  16:26  Marauder x3  
  166  16:29  Marauder  
  166  16:31  Ghost, Marine x3  
  177  16:43  Ghost  
  177  16:47  Marauder x3  
  177  16:50  Marauder  
  151  16:55  Marine  
  151  16:56  Widow Mine, Marine x6  
  151  16:57  Medivac x2  
  151  16:58  Medivac  
  151  17:00  Marauder  
  164  17:08  Ghost, Marauder x2  
  170  17:11  Marauder  
  170  17:12  Marauder, Marine  
  170  17:13  Marine x2  
  176  17:22  Marauder  
  178  17:27  Medivac x2  
  186  17:30  Marauder x2  
  186  17:33  Marauder x2  
  192  17:37  Marauder  
  120  18:17  Marauder x6, Marine x4  
  120  18:18  Marine x4  
  105  18:35  Marine x5  
  105  18:36  Marine x3  
  105  18:38  Marauder x6  
  113  18:53  Marine x6  
  113  18:54  Marine  
  113  18:55  Marine  
  118  18:59  Marauder  
  118  19:00  Marauder x5  
  118  19:14  Marine  
  118  19:15  Marine x2  
  96  19:21  Marauder x4  
Tags
 
Add a new tag
Caveats
  • Supply blocks, unpowered buildings, or Contaminate may cause inaccurate times.
  • Supply counts are checked every 10 seconds.